 Dungeon Crawl Stone Soup version 0.27.1-2-g3b301248ec (webtiles) character file.

Game seed: 11477587083399883711

63 boopmooplesden the Covered (level 3, -1/33 HPs)
             Began as a Minotaur Fighter on Sept 25, 2021.
             Slain by an iguana (9 damage)
             ... on level 2 of the Dungeon.
             The game lasted 00:03:09 (1188 turns).

boopmooplesden the Covered (Minotaur Fighter)       Turns: 1188, Time: 00:03:09

Health: -1/33      AC:  7    Str: 21    XL:     3   Next: 87%
Magic:  2/2        EV:  7    Int:  5    God:
Gold:   105        SH:  9    Dex:  9    Spells: 2/2 levels left

rFire    . . .     SeeInvis .   a - +0 long sword
rCold    . . .     Faith    .   c - +0 kite shield
rNeg     . . .     Spirit   .   b - +0 scale mail
rPois    .         Reflect  .   (helmet restricted)
rElec    .         Harm     .   (no cloak)
rCorr    .         Rampage  .   (no gloves)
Will     .....                  (no boots)
Stlth    ..........             (no amulet)
HPRegen  0.11/turn              (no ring)
MPRegen  0.08/turn              (no ring)

@: no status effects
A: horns 2, retaliatory headbutt
a: no special abilities


You were on level 2 of the Dungeon.
You visited 1 branch of the dungeon, and saw 2 of its levels.

You collected 105 gold pieces.

Inventory:

Hand Weapons
 a - a +0 long sword (weapon)
 e - a +2 whip of freezing
Armour
 b - a +0 scale mail (worn)
 c - a +0 kite shield (worn)
Scrolls
 i - a scroll of blinking {unknown}
 k - a scroll of immolation {unknown}
Potions
 d - a potion of might
 f - 3 potions of curing {unknown}
 g - a potion of brilliance {unknown}
 h - a potion of flight {unknown}
 j - a potion of mutation {unknown}


   Skills:
 + Level 4.2 Fighting
 + Level 3.1 Long Blades
 + Level 4.5 Armour
 + Level 0.1 Dodging
 + Level 4.1 Shields


You had 2 spell levels left.
You didn't know any spells.
Your spell library was empty.

Dungeon Overview and Level Annotations

Branches:
Dungeon (2/15)

Altars:

Shops:
D:1 :


Innate Abilities, Weirdness & Mutations

You have a pair of horns on your head.
You reflexively headbutt those who attack you in melee.


Message History

The adder bites you.
The iguana bites you but does no damage.
The adder bites you but does no damage. You block the iguana's attack.
You closely miss the adder. Your headbutt misses the adder.
The adder is moderately wounded.
You block the adder's attack. The iguana bites you.
The adder bites you but does no damage.
You closely miss the adder.
The adder is moderately wounded.
The iguana bites you but does no damage.
The adder closely misses you.
You riposte.
You miss the adder.
The adder is moderately wounded.
The adder bites you but does no damage. The iguana barely misses you.
You riposte.
You closely miss the iguana.
You headbutt the iguana, but do no damage.
You miss the adder.
The adder is moderately wounded.
The adder bites you.
You are poisoned.
The adder poisons you! The iguana bites you!
You slash the adder!
You kill the adder!
You feel sick. You block the iguana's attack. The quokka barely misses you.
You closely miss the quokka.
You feel sick. The quokka bites you. You block the iguana's attack.
An adder comes into view.
You block the quokka's attack. You block the iguana's attack.
You closely miss the quokka.
The adder hisses angrily.
Your headbutt misses the quokka.
You feel sick.
You are no longer poisoned.
The quokka bites you but does no damage.
The iguana bites you but does no damage.
The quokka closely misses you.
You riposte.
You slash the quokka!
You kill the quokka!
The iguana bites you.
* * * LOW HITPOINT WARNING * * *
There is an open door here.
You hit the iguana but do no damage. The iguana bites you!
You die...

#...).#######....>........
#.........# #.............
#......##.###...........##
#......##.......##......##
#......###################
####....#..###...#..#..#.#
#.......#.###...##.##.#
#...##.#..#.###.†..#..#
#....#@#.#..#.###....##
.......#l###.#..#.###.†.#
#.......#SJ.###.#..#.###.#
#.......###...###.#..#.#'#
#.......# ##...###......#
#.......# ..##.#..#.##
#.......# ##.#..#.###
##.#..#.##.# ##.#..#.##..#


You could see an iguana, an adder and an endoplasm.

Vanquished Creatures
  2 adders (D:2)
  5 dart slugs (D:2)
  2 endoplasms (D:2)
  3 giant cockroaches
  2 goblins
  2 hobgoblins
  2 jackals (D:2)
  3 kobolds
  3 quokkas
  A ball python (D:2)
  2 bats
  3 frilled lizards
  5 rats
35 creatures vanquished.

Notes
Turn   | Place    | Note
-------+----------+-------------------------------------------
     0 | D:1      | boopmooplesden the Minotaur Fighter began the quest for the
                  | Orb.
     0 | D:1      | Reached XP level 1. HP: 19/19 MP: 0/0
   435 | D:1      | Reached XP level 2. HP: 27/27 MP: 1/1
   533 | D:1      | Found Pelexom's Book Emporium.
   769 | D:2      | Reached XP level 3. HP: 33/33 MP: 2/2
  1188 | D:2      | Slain by an iguana

Illustrated notes

Levels and vault maps discovered:
D:1:      dpeg_arrival_rooms_b, layout_loops_ring, serial_shops,
          nicolae_shop_trees
D:2:      minmay_razor_zed, layout_basic

Skill      XL: |  1  2  3 |
---------------+----------+-----
Armour         | 4 |  4.5
Fighting       | 4 |  4.2
Shields        | 4 |  4.1
Long Blades    | 3 |  3.1
Dodging        | |  0.1

Action                   || total
-------------------------++-------
Melee: Long sword        ||    76
       Headbutt          ||    13
Armor: Scale mail        ||    31
Dodge: Dodged            ||    27
Block: Kite shield       ||    40
       Rpst.: Long sword ||     7
